 Dungeon Crawl Stone Soup version 0.31-a0-1586-ge50629d (webtiles) character file.

Game seed: 8578491541255923531

373214 PublicAnimeNo1 the Lord of Darkness (level 21, 0/168 HPs)
             Began as a Demonspawn Alchemist on Jan 3, 2024.
             Was the Champion of Kikubaaqudgha.
             Killed from afar by a fire giant (9 damage)
             ... with a fireball
             ... on level 3 of the Depths on Jan 5, 2024.
             The game lasted 02:13:21 (39065 turns).

PublicAnimeNo1 the Lord of Darkness (DsAl)         Turns: 39065, Time: 02:13:22

Health: 0/168      AC: 16    Str: 17    XL:     21   Next: 53%
Magic:  20/38      EV: 22    Int: 23    God:    Kikubaaqudgha [******]
Gold:   2715       SH:  0    Dex: 11    Spells: 11/46 levels left

rFire   + . .        a - +8 Vampire's Tooth {megavamp}
rCold   + + +        (no shield)
rNeg    + . .        k - +3 troll leather armour {Snorg}
rPois   .            p - +2 helmet
rElec   +            S - scarf {rC+ rF+}
rCorr   .            (gloves unavailable)
SInv    +            r - +1 pair of boots
Will    +++..        g - macabre finger necklace {Finger+ rN+}
Stlth   ++           G - ring "Weguosog" {rElec Will+ Str+6 Dex-4 SInv}
HPRegen 1.28/turn    R - ring of Rakhloak {rC+ Will+}
MPRegen 0.26/turn    P - +5 ring of evasion

%: no passive effects
@: radiating poison, glowing, studying Short Blades
A: icy blue scales 3, icemail 1, powered by death 2, condensation shield,
demonic touch 3
}: 2/15 runes: barnacled, gossamer
a: Renounce Religion, Unearth Wretches, Torment


You were on level 3 of the Depths.
You worshipped Kikubaaqudgha.
Kikubaaqudgha was exalted by your worship.
You visited 8 branches of the dungeon, and saw 38 of its levels.
You visited the Abyss 1 time.
You also visited: Bailey, Ice Cave and Desolation.

You collected 4883 gold pieces.
You spent 2168 gold pieces at shops.

Inventory:

Hand Weapons
 a - the +8 Vampire's Tooth (weapon) {megavamp}
   (You took it off a goblin in a bailey)
 b - a +7 demon blade of electrocution
Missiles
 K - 6 throwing nets
Armour
 k - a +3 troll leather armour (worn) {Snorg}
 p - a +2 helmet (worn)
 r - a +1 pair of boots (worn)
 S - a scarf of resistance (worn)
Magical Staves
 i - a staff of death
Jewellery
 g - the macabre finger necklace (around neck) {Finger+ rN+}
   (You bought it in a shop on level 14 of the Dungeon)

   [amulet of nothing]

   Finger+:   It enables you to equip an extra ring.
   rN+:       It protects you from negative energy.
 m - an amulet of guardian spirit
 s - the ring "Kapt" {rElec Str+6 Dex+4}
   (You bought it in a shop on level 3 of the Depths)

   [ring of strength]

   Str+6:     It affects your strength (+6).
   Dex+4:     It affects your dexterity (+4).
   rElec:     It insulates you from electricity.
 G - the ring "Weguosog" (left hand) {rElec Will+ Str+6 Dex-4 SInv}
   (You found it on level 3 of the Vaults)

   [ring of willpower]

   Str+6:     It affects your strength (+6).
   Dex-4:     It affects your dexterity (-4).
   rElec:     It insulates you from electricity.
   Will+:     It increases your willpower.
   SInv:      It lets you see invisible.
 P - a +5 ring of evasion (on amulet)
 R - the ring of Rakhloak (right hand) {rC+ Will+}
   (You took it off an imperial myrmidon in the Desolation of Salt)

   [ring of willpower]

   rC+:       It protects you from cold.
   Will+:     It increases your willpower.
 Z - the amulet "Boorupia" {Acrobat rF- rN+++ rCorr Int+3}
   (You found it in the Desolation of Salt)

   [amulet of the acrobat]

   Acrobat:   It increases your evasion while moving and waiting.
   Int+3:     It affects your intelligence (+3).
   rF-:       It makes you vulnerable to fire.
   rN+++:     It renders you almost immune to negative energy.
   rCorr:     It protects you from acid and corrosion.
Wands
 h - a wand of mindburst (43)
 n - a wand of paralysis (29)
 o - a wand of flame (65)
 L - a wand of quicksilver (11)
 O - a wand of polymorph (26)
 W - a wand of iceblast (38)
Scrolls
 f - a scroll of revelation
 j - 2 scrolls of enchant armour
 q - 2 scrolls of teleportation
 u - 4 scrolls of summoning
 w - 6 scrolls of fear
 y - 7 scrolls of vulnerability
 z - 3 scrolls of blinking
 H - 9 scrolls of poison
 I - 8 scrolls of fog
 Q - 8 scrolls of immolation
 T - 3 scrolls of torment
 Y - 4 scrolls of silence
Potions
 c - 7 potions of attraction
 d - 2 potions of cancellation
 l - a potion of resistance
 t - 2 potions of enlightenment
 x - 6 potions of might
 A - 3 potions of lignification
 B - 5 potions of brilliance
 C - 3 potions of magic
 D - 5 potions of ambrosia
 E - a potion of heal wounds
 J - a potion of haste
 M - 19 potions of curing
 N - 3 potions of invisibility
 U - 2 potions of mutation
 X - a potion of berserk rage
Miscellaneous
 e - a phantom mirror


   Skills:
 - Level 15.0 Fighting
 - Level 14.0 Short Blades
 - Level 8.0 Armour
 - Level 15.0 Dodging
 - Level 10.5 Stealth
 + Level 13.1 Spellcasting
 - Level 3.3 Conjurations
 + Level 9.8 Summonings
 * Level 19.2 Necromancy
 - Level 3.0 Fire Magic
 - Level 6.0 Earth Magic
 - Level 8.0 Alchemy
 - Level 10.0 Evocations


You had 11 spell levels left.
You knew the following spells:

 Your Spells              Type           Power      Damage    Failure   Level
a - Dispel Undead         Necr           80%        3d26      1%          4
b - Olgreb's Toxic Radia  Alch           51%        N/A       1%          4
d - Death Channel         Necr           40%        N/A       1%          6
e - Ignite Poison         Fire/Alch      40%        N/A       4%          4
f - Curse of Agony        Necr           80%        N/A       1%          5
g - Fugue of the Fallen   Necr           80%        N/A       0%          3
h - Borgnjor's Vile Clut  Necr/Erth      32%        N/A       1%          5
i - Martyr's Knell        Necr/Summ      69%        N/A       1%          4

Your spell library contained the following spells:

 Spells                   Type           Power      Damage    Failure   Level
 Sublimation of Blood     Necr           80%        N/A       0%          2
 Vampiric Draining        Necr           80%        2d11      0%          3
 Foxfire                  Conj/Fire      100%       2x1d9     1%          1
 Kiss of Death            Conj/Necr      100%       2d13      1%          1
 Magic Dart               Conj           100%       1d8       1%          1
 Sting                    Conj/Alch      100%       1d9       1%          1
 Cigotuvi's Dreadful Rot  Necr/Alch/Air  100%       N/A       1%          2
 Mercury Vapours          Alch/Air       66%        N/A       1%          2
 Scorch                   Fire           58%        2d7       1%          2
 Searing Ray              Conj           60%        2d6       1%          2
 Call Canine Familiar     Summ           57%        N/A       1%          3
 Stone Arrow              Conj/Erth      72%        3d11      1%          3
 Anguish                  Hex/Necr       28%        N/A       1%          4
 Animate Armour           Summ/Erth      100%       N/A       1%          4
 Animate Dead             Necr           80%        N/A       1%          4
 Shock                    Conj/Air       88%        1d8       2%          1
 Leda's Liquefaction      Alch/Erth      23%        N/A       2%          4
 Mephitic Cloud           Conj/Alch/Air  32%        N/A       3%          3
 Fulminant Prism          Conj/Alch      20%        3d12      4%          4
 Sticky Flame             Fire/Alch      40%        2d8       4%          4
 Alistair's Intoxication  Alch           34%        N/A       4%          5
 Summon Lightning Spire   Summ/Air       37%        N/A       6%          4
 Ensorcelled Hibernation  Hex/Ice        30%        N/A       7%          2
 Dazzling Flash           Conj/Hex       44%        N/A       7%          3
 Brom's Barrelling Bould  Conj/Erth      36%        2d6       7%          4
 Volatile Blastmotes      Fire/Tloc      44%        2d13      8%          3
 Lee's Rapid Deconstruct  Erth           21%        3d12*     11%         5
 Haunt                    Necr/Summ      34%        N/A       11%         7
 Borgnjor's Revivificati  Necr           40%        N/A       12%         8
 Infestation              Necr           40%        N/A       12%         8
 Flame Wave               Conj/Fire      29%        2d9       13%         4
 Summon Cactus Giant      Summ           28%        N/A       13%         6
 Frozen Ramparts          Ice            30%        1d5       14%         3
 Gell's Gravitas          Tloc           15%        N/A       14%         3
 Sigil of Binding         Hex            15%        N/A       14%         3
 Swiftness                Air            15%        N/A       14%         3
 Teleport Other           Tloc           15%        N/A       14%         3
 Tukima's Dance           Hex            15%        N/A       14%         3
 Iskenderun's Mystic Bla  Conj/Tloc      22%        2d6       24%         4
 Airstrike                Air            7%         2d(2-18)  43%         4
 Dimensional Bullseye     Hex/Tloc       7%         N/A       43%         4
 Manifold Assault         Tloc           15%        N/A       43%         4
 Vhi's Electric Charge    Tloc/Air       30%        N/A       43%         4
 Arcjolt                  Conj/Air       11%        1d21      54%         5
 Bombard                  Conj/Erth      18%        9d4       71%         6
 Death's Door             Necr           40%        N/A       88%         9
 Starburst                Conj/Fire      14%        6d6       89%         6
 Conjure Ball Lightning   Conj/Air       11%        3x3d6     98%         6
 Plasma Beam              Fire/Air       11%        2x1d22    98%         6
 Dispersal                Tloc           7%         N/A       100%        6
 Discord                  Hex            7%         N/A       100%        8
 Disjunction              Tloc           7%         N/A       100%        8
 Maxwell's Capacitive Co  Air            7%         ∞         100%        8
 Chain Lightning          Conj/Air       11%        3d14      100%        9
 Polar Vortex             Ice            7%         12d1*     100%        9


Dungeon Overview and Level Annotations

Branches:
Dungeon (15/15)            Temple (1/1) D:6            Lair (5/5) D:10
 Shoals (4/4) Lair:2       Spider (4/4) Lair:3        Slime (0/5) Lair:4
    Orc (2/2) D:12            Elf (0/3) Orc:2        Vaults (4/5) D:13
  Crypt (0/3) Vaults:3     Depths (3/4) D:15         Bailey (visited)
  IceCv (visited)         Desolation (visited)

Altars:
Ashenzari
Cheibriados
Dithmenos
Fedhas
Gozag
Hepliaklqana
Kikubaaqudgha
Makhleb
Nemelex Xobeh
Okawaru
Qazlal
Ru
Sif Muna
Trog
Uskayaw
Vehumet
Wu Jian
Xom
Yredelemnul
Jiyva

Shops:
D:14 =   Orc:2 (:[*   Depths:3 ==:

Portals:
Hell: Depths:1 Depths:2
Abyss: Depths:1 Depths:3
Pandemonium: Depths:2

Annotations:
D:12 2 runed translucent doors
Depths:3 Frederick


Innate Abilities, Weirdness & Mutations

You are completely covered in icy blue scales. (AC +4, rC+)
A meltable icy envelope protects you from harm. (AC +0)
You regenerate health from kills.
A meltable shield of frost defends you. (SH +0)
Your touch may irresistibly damage your foes and sap their willpower.


Message History

You puncture Frederick!
You touch Frederick!
You sap his willpower!
You hit Frederick but do no damage. Your touch misses Frederick.
Frederick is heavily wounded.
You hear a shout!
You hit Frederick. You hit Frederick but do no damage.
Frederick is heavily wounded.
Frederick hits you but does no damage.
You hit Frederick but do no damage. Your touch misses Frederick.
You hit Frederick.
You feel better.
Frederick is heavily wounded.
You barely miss Frederick.
You touch Frederick!
You sap his willpower!
You barely miss Frederick. Your touch misses Frederick.
Frederick is severely wounded.
Frederick hits you with a +0 double sword of electrocution!!
Casting: Olgreb's Toxic Radiance (mildly dangerous; 1% risk of failure)
Confirm with . or Enter, or press ? or * to list all spells.
You ignite the poison in your surroundings!
Frederick seems to burn from within!!
Frederick is severely wounded.
Frederick mumbles some strange words.
The bolt of lightning hits you! You resist. The fiery plasma hits you!
Your icy defences dissipate!
You resist. The fire giant casts a spell at you. The bolt of fire hits you!!
You resist.
You hear a shout! x3; You hear two shouts!
You hit Frederick but do no damage. x2; Your touch misses Frederick.
Frederick is severely wounded.
Casting: Ignite Poison (mildly dangerous; 4% risk of failure)
Confirm with . or Enter, or press ? or * to list all spells.
You begin to radiate toxic energy.
The iron troll is poisoned.
The fire giant is poisoned.
Frederick is poisoned.
Frederick gestures at you while chanting.
The iron shot hits you!!!
* * * LOW HITPOINT WARNING * * *
Frederick is knocked back by the blast.
The fire giant gestures at you while chanting.
The fireball explodes!
The fireball engulfs you! You resist.
You die...
Kikubaaqudgha rasps: "You have failed me!
Welcome... death!"

#### #...
########################...
..................'....#'##
###################......#
...#8..8#......#.)..###
...'....'.%8#..##''##|#
...'....'..8#).[.....|#
..#..9@#.....))[.....#
#....#########''##(#
#.@..#....#.#....###
#...C###.##.#......#
#...T#......'....#'##
####''''#############...
....................#C..
~~~~....~~~~~~~≈~~~≈####
~≈≈~~....~≈≈≈≈≈≈≈≈≈≈≈≈≈≈≈


You could see Frederick (poisoned, weak-willed), a fire giant (poisoned), an
iron troll (poisoned) and a spellforged servitor (summoned).

Vanquished Creatures
  A juggernaut (Depths:3)
  Xtahua (Vaults:4)
  Bai Suzhen (Shoals:3)
  A caustic shrike (Depths:3)
  Jorgrun (D:14)
  A walking earthen tome (Depths:2)
  2 tentacled monstrosities
  A titan (Depths:2)
  A quicksilver dragon (Depths:3)
  2 sphinxes (Vaults:4)
  An ancient champion (Depths:1)
  Kirke (D:13)
  A tentacled starspawn (Abyss:1)
  The ghost of wqsa789 the Markskobold, an adept KoHu of Fedhas (D:14)
  An iron dragon (Depths:3)
  5 frost giants
  2 emperor scorpions
  5 fire giants
  8 vault wardens
  A balrug (Depths:2)
  Louise (Shoals:3)
  11 ironbound preservers
  2 imperial myrmidons (Desolation)
  5 orc warlords
  A reaper (IceCv)
  4 formless jellyfish
  A cacodemon (Abyss:1)
  10 very ugly things
  8 stone giants
  8 ironbound thunderhulks
  A vampire knight (Depths:2)
  A lorocyproca (Depths:2)
  8 spark wasps
  A war gargoyle (Vaults:4)
  A halazid warlock (Desolation)
  7 crystal guardians
  8 ettins
  5 fire dragons
  Snorg (Lair:5)
  5 ragged hierophants (Desolation)
  4 merfolk javelineers
  2 entropy weavers
  9 hydras
  A salamander tyrant (Depths:1)
  5 great orbs of eyes
  4 yaktaur captains
  7 vault guards
  13 peacekeepers
  4 rakshasas
  5 radroaches
  5 servants of whispers (Desolation)
  An ogre mage (Orc:2)
  A hell beast (Depths:1)
  2 spriggan air magi
  6 ice dragons
  A jorogumo (Spider:1)
  3 catoblepae
  4 two-headed ogres
  2 merfolk avatars (Shoals:4)
  5 ironbound frosthearts
  8 boulder beetles
  A death knight (D:14)
  2 tengu warriors
  A satyr (Shoals:3)
  2 dancing weapons (D:13)
  4 merfolk aquamancers
  9 centaur warriors
  8 death yaks
  A hell hog (Lair:5)
  6 deep troll shamans
  A sphinx skeleton (Depths:3)
  3 deep troll earth magi
  A vampire mage (Depths:1)
  8 demonic crawlers
  A hell knight (D:15)
  A deep elf knight (D:15)
  3 orc high priests
  A wretched star (Abyss:1)
  Amaemon (Lair:2)
  5 skysharks
  8 iron trolls
  4 fire crabs (D:15)
  A salamander mystic (D:15)
  10 pharaoh ants
  22 deep trolls
  9 arcanists
  2 sea snakes
  7 orb spiders
  2 sun moths
  4 glowing orange brains
  4 phantasmal warriors
  10 lindwurms
  13 ironbound convokers
  6 steelbarb worms
  12 orc knights
  6 harpies
  2 large abominations (Abyss:1)
  7 orc sorcerers
  A deep elf zephyrmancer (D:15)
  7 wolf spiders
  5 fauns (Shoals:2)
  2 necromancers
  2 deep elf pyromancers (D:15)
  An oklob plant (Lair:4)
  21 ugly things
  6 salamanders (D:15)
  2 iron dragon skeletons
  6 cyclopes
  Maurice (D:10)
  15 elephants
  7 manticores
  2 moths of wrath
  A frost giant skeleton (Depths:3)
  A kobold blastminer (Orc:1)
  A water nymph (Shoals:2)
  4 meliai
  4 black mambas
  A smoke demon (Depths:2)
  2 ice statues (IceCv)
  A black mamba (shapeshifter) (D:15)
  6 merfolk sirens
  4 guardian serpents (Desolation)
  An orange demon (Lair:2)
  2 torpor snails
  2 rust devils (D:15)
  A cane toad (shapeshifter) (D:15)
  2 molten gargoyles (Desolation)
  8 vault sentinels
  13 cane toads
  5 gargoyles
  6 komodo dragons
  4 rime drakes
  5 ice devils (IceCv)
  An unseen horror (D:10)
  3 efreet
  5 freezing wraiths
  15 yaktaurs
  5 kobold demonologists
  10 tengu conjurers
  An anaconda simulacrum (IceCv)
  2 ancient zymes (Abyss:1)
  A wolf spider simulacrum (D:15)
  8 trolls
  10 tarantellas
  8 merfolk
  17 polar bears
  A wind drake (Shoals:2)
  Prince Ribbit (D:5)
  58 saltlings
  2 hornets
  A glass eye (Depths:2)
  16 blink frogs
  10 dream sheep (Lair:5)
  7 snapping turtles
  7 raiju
  A raiju (shapeshifter) (D:15)
  20 slime creatures
  10 jumping spiders
  A spriggan (Depths:2)
  2 shadows
  2 air elementals (D:15)
  4 culicivoras
  A dire elephant simulacrum (IceCv)
  4 wyverns
  A vampire (D:11)
  4 wraiths
  A spriggan (shapeshifter) (D:14)
  7 water elementals
  A basilisk (shapeshifter) (D:15)
  3 basilisks
  23 yaks
  4 hogs (D:13)
  2 death yak simulacra (IceCv)
  6 wargs (Lair:5)
  40 redbacks
  A glowing shapeshifter zombie (Depths:3)
  A steam dragon (D:10)
  2 acid dragons
  13 water moccasins
  A glowing shapeshifter skeleton (Depths:3)
  10 hell hounds (Lair:5)
  34 orc warriors
  3 meliai simulacra (D:15)
  An ice beast (D:6)
  2 sky beasts
  13 black bears
  5 laughing skulls
  5 small abominations (Abyss:1)
  48 wolves
  4 ogres
  7 centaurs
  A phantom (D:7)
  16 bullfrogs
  5 kobold brigands
  5 gnoll sergeants
  14 wights
  2 elephant simulacra (IceCv)
  9 electric eels
  A howler monkey (D:11)
  3 hounds
  6 jellies
  14 orc priests
  2 gnoll boudas
  4 iguanas
  2 sleepcaps
  Jessica (D:2)
  Natasha (D:2)
  22 orc wizards
  2 spriggan simulacra (IceCv)
  A polar bear simulacrum (IceCv)
  5 troll simulacra (IceCv)
  A wolf simulacrum (IceCv)
  Robin (D:2)
  36 gnolls
  5 adders
  4 naga simulacra (IceCv)
  2 white imps
  2 ufetubi (IceCv)
  3 dart slugs
  A ribbon worm (D:4)
  65 orcs
  3 ball pythons
  7 bats
  10 endoplasms
  3 giant cockroaches
  21 goblins
  14 hobgoblins
  4 quokkas
  3 frilled lizards
  23 kobolds
  6 rats
1365 creatures vanquished.

Vanquished Creatures (collateral kills)
  A lich (Depths:1)
  2 sphinxes
  Polyphemus (Shoals:3)
  A storm dragon (Depths:3)
  A fire giant (Depths:2)
  2 frost giants (Depths:3)
  2 ghost moths
  3 vault wardens
  An ironbound preserver (Vaults:2)
  An ironbound thunderhulk (Vaults:3)
  5 stone giants
  A halazid warlock (Desolation)
  2 spark wasps (Depths:3)
  An ettin (Depths:2)
  3 fire dragons
  A merfolk impaler (Shoals:4)
  A ragged hierophant (Desolation)
  2 entropy weavers (Spider:4)
  A servant of whispers (Desolation)
  A rakshasa (Depths:1)
  An ice dragon (Depths:1)
  3 ironbound frosthearts (Vaults:3)
  A boulder beetle (Spider:4)
  2 centaur warriors (Vaults:3)
  2 peacekeepers
  2 tengu warriors
  A catoblepas (Shoals:3)
  4 deep troll shamans
  2 spriggan berserkers
  A skyshark (Shoals:1)
  4 iron trolls (Depths:3)
  9 deep trolls
  A death drake (Depths:3)
  2 orb spiders (Spider:4)
  An arcanist (Vaults:4)
  A lindwurm (Vaults:3)
  2 glowing orange brains
  5 steelbarb worms
  6 harpies
  2 ironbound convokers (Vaults:1)
  A necromancer (Depths:3)
  7 fauns (Shoals:3)
  2 wolf spiders (Spider:3)
  An iron dragon zombie (Depths:3)
  3 ugly things (Depths:1)
  A faun (shapeshifter) (Vaults:2)
  3 manticores
  3 vault sentinels
  A merfolk siren (Shoals:3)
  An elephant (shapeshifter) (Depths:3)
  2 torpor snails (Spider:4)
  A tengu conjurer (Depths:1)
  4 yaktaurs
  3 hornets
  A merfolk (Shoals:2)
  A wind drake (Shoals:3)
  8 saltlings
  A tarantella (Spider:3)
  2 dream sheep (Lair:5)
  3 spriggans
  2 culicivoras
  4 slime creatures
  3 jumping spiders (Spider:3)
  4 redbacks
147 creatures vanquished.

Vanquished Creatures (others)
  A very ugly thing (Depths:1)
  A saltling (Desolation)
  A small abomination (Abyss:1)
  An orc wizard (D:7)
  4 starspawn tentacles (Abyss:1)
8 creatures vanquished.

Grand Total: 1520 creatures vanquished

Notes
Turn   | Place    | Note
-------+----------+-------------------------------------------
     0 | D:1      | PublicAnimeNo1 the Demonspawn Alchemist began the quest for
                  | the Orb.
     0 | D:1      | Reached XP level 1. HP: 13/13 MP: 3/3
   265 | D:1      | Gained mutation: You regenerate a little health from kills.
                  | [demonic ancestry]
   265 | D:1      | Reached XP level 2. HP: 19/19 MP: 3/5
   798 | D:1      | Reached XP level 3. HP: 24/24 MP: 4/6
  1197 | D:2      | Noticed Natasha
  1200 | D:2      | Killed Natasha
  1257 | D:2      | Gained mutation: You are partially covered in icy blue
                  | scales. (AC +2) [demonic ancestry]
  1257 | D:2      | Reached XP level 4. HP: 30/30 MP: 5/7
  1275 | D:2      | Reached skill level 5 in Alchemy
  1443 | D:2      | Noticed Jessica
  1448 | D:2      | Killed Jessica
  1503 | D:2      | Learned a level 4 spell: Olgreb's Toxic Radiance
  1713 | D:2      | Noticed Robin
  1717 | D:2      | Killed Robin
  1718 | D:2      | Gained mutation: Your touch may inflict minor irresistible
                  | damage on your foes. [demonic ancestry]
  1718 | D:2      | Reached XP level 5. HP: 35/35 MP: 3/8
  2167 | D:3      | Found a stormy altar of Qazlal.
  2293 | D:3      | Identified the +4 ring mail of the Harvest {Harm Will+}
  2472 | D:3      | Found a faded altar of an unknown god.
  2812 | D:4      | Reached XP level 6. HP: 39/41 MP: 5/9
  3162 | D:4      | Found a sparkling altar of Nemelex Xobeh.
  3235 | D:4      | Found a hide-covered altar of Uskayaw.
  3454 | D:4      | Identified the +0 robe of the Poles {rPois Int+3}
  3581 | D:5      | Entered Level 5 of the Dungeon
  3803 | D:5      | Noticed Prince Ribbit
  3811 | D:5      | Killed Prince Ribbit
  3812 | D:5      | Gained mutation: Your touch may inflict irresistible damage
                  | on your foes. [demonic ancestry]
  3812 | D:5      | Reached XP level 7. HP: 29/46 MP: 4/12
  4326 | D:6      | Found a staircase to the Ecumenical Temple.
  4343 | Temple   | Entered the Ecumenical Temple
  4350 | Temple   | Became a worshipper of Kikubaaqudgha
  4414 | D:6      | Reached skill level 1 in Fighting
  4442 | D:6      | Learned a level 4 spell: Sticky Flame
  4446 | D:6      | Learned a level 3 spell: Mephitic Cloud
  5004 | D:6      | Reached XP level 8. HP: 48/56 MP: 13/13
  5043 | D:6      | Reached skill level 1 in Fire Magic
  5235 | D:7      | Noticed a hornet
  5242 | D:7      | Killed a hornet
  5296 | D:7      | Reached * piety under Kikubaaqudgha
  5296 | D:7      | Received a gift from Kikubaaqudgha
  5335 | D:7      | Identified the +4 flail of the Orcish Mines {drain, Will+
                  | Str+3}
  5370 | D:7      | Reached skill level 1 in Short Blades
  5476 | D:7      | Reached XP level 9. HP: 64/64 MP: 8/16
  5480 | D:7      | Found a flagged portal.
  5489 | Bailey   | Entered a bailey
  5641 | Bailey   | Reached skill level 5 in Spellcasting
  5722 | Bailey   | Noticed an orc high priest
  5725 | Bailey   | Reached skill level 1 in Necromancy
  5737 | Bailey   | Killed an orc high priest
  5737 | Bailey   | Reached ** piety under Kikubaaqudgha
  5738 | Bailey   | Reached skill level 5 in Stealth
  5738 | Bailey   | Reached skill level 2 in Necromancy
  6239 | Bailey   | Noticed an orc knight
  6252 | Bailey   | Noticed an orc high priest
  6258 | Bailey   | Killed an orc high priest
  6259 | Bailey   | Reached skill level 5 in Fighting
  6259 | Bailey   | Reached skill level 3 in Necromancy
  6259 | Bailey   | Gained mutation: A meltable shield of frost defends you.
                  | (SH +0) [demonic ancestry]
  6259 | Bailey   | Reached XP level 10. HP: 74/74 MP: 6/18
  6268 | Bailey   | Killed an orc knight
  6381 | Bailey   | Found an iron altar of Okawaru.
  6690 | D:7      | Identified the +0 robe of Causimiw {+Inv rPois rN++ Will-}
  6804 | D:7      | Acquired 695 gold pieces
  6972 | D:8      | Identified the +0 leather armour of the Jolly Xeniums {rC+
                  | rN+ Regen+ Dex-5 SInv}
  7032 | D:8      | Reached skill level 4 in Necromancy
  7546 | D:8      | Reached *** piety under Kikubaaqudgha
  7546 | D:8      | Received a gift from Kikubaaqudgha
  7967 | D:9      | Found a snail-covered altar of Cheibriados.
  7990 | D:9      | Got the Parchment of Feathery Reformation
  8041 | D:9      | Learned a level 4 spell: Ignite Poison
  8050 | D:9      | Found a burning altar of Makhleb.
  8050 | D:9      | Found a bloodstained altar of Trog.
  8286 | D:9      | Noticed a two-headed ogre
  8290 | D:9      | Killed a two-headed ogre
  8291 | D:9      | Reached skill level 5 in Dodging
  8291 | D:9      | Reached skill level 5 in Necromancy
  8492 | D:10     | Entered Level 10 of the Dungeon
  8593 | D:10     | Found a staircase to the Lair.
  8620 | D:10     | Reached XP level 11. HP: 83/83 MP: 7/20
  8640 | D:10     | Reached skill level 5 in Short Blades
  8735 | D:10     | Reached **** piety under Kikubaaqudgha
  8868 | D:10     | Noticed Maurice
  8873 | D:10     | Killed Maurice
  9052 | D:10     | Identified the +2 flail of Qohe {freeze, +Blink rPois
                  | Int+3}
  9066 | D:10     | Reached skill level 6 in Necromancy
  9343 | Lair:1   | Entered Level 1 of the Lair of Beasts
  9936 | Lair:1   | Reached skill level 7 in Necromancy
 10538 | Lair:2   | Noticed Amaemon
 10546 | Lair:2   | Killed Amaemon
 10636 | Lair:2   | Reached XP level 12. HP: 93/93 MP: 21/21
 10761 | Lair:2   | Reached skill level 8 in Necromancy
 11439 | Lair:2   | Found a staircase to the Shoals.
 11484 | Lair:2   | Learned a level 5 spell: Curse of Agony
 11499 | Lair:3   | Reached ***** piety under Kikubaaqudgha
 11580 | Lair:3   | Noticed a death yak
 11583 | Lair:3   | Noticed a death yak
 11593 | Lair:3   | Noticed a death yak
 11608 | Lair:3   | Killed a death yak
 11609 | Lair:3   | Killed a death yak
 11610 | Lair:3   | Killed a death yak
 11779 | Lair:3   | Found a hole to the Spider Nest.
 12304 | Lair:3   | Noticed a six-headed hydra
 12311 | Lair:3   | Killed a six-headed hydra
 12312 | Lair:3   | Reached skill level 9 in Necromancy
 12626 | Lair:3   | Noticed an eight-headed hydra
 12636 | Lair:3   | Killed an eight-headed hydra
 13141 | Lair:4   | Noticed an eight-headed hydra
 13141 | Lair:4   | Found a staircase to the Slime Pits.
 13172 | Lair:4   | Found a viscous altar of Jiyva.
 13229 | Lair:4   | Noticed a four-headed hydra
 13250 | Lair:4   | Killed a four-headed hydra
 13251 | Lair:4   | Gained mutation: A meltable icy envelope protects you from
                  | harm. (AC +0) [demonic ancestry]
 13251 | Lair:4   | Reached XP level 13. HP: 103/103 MP: 6/22
 13367 | Lair:4   | Reached skill level 10 in Fighting
 13529 | Lair:4   | Reached skill level 10 in Necromancy
 14282 | Lair:5   | Entered Level 5 of the Lair of Beasts
 14409 | Lair:5   | Reached ****** piety under Kikubaaqudgha
 14412 | Lair:5   | Reached skill level 11 in Necromancy
 14936 | Lair:5   | Upgraded the game from 0.31-a0-1571-g7be0f4f to
                  | 0.31-a0-1576-ga3383ba
 15037 | Lair:5   | Gained mutation: You regenerate health from kills. [demonic
                  | ancestry]
 15037 | Lair:5   | Reached XP level 14. HP: 113/113 MP: 20/25
 15144 | Lair:5   | Reached skill level 10 in Short Blades
 15148 | Lair:5   | Learned a level 3 spell: Fugue of the Fallen
 15403 | Lair:5   | Noticed Snorg
 15414 | Lair:5   | Killed Snorg
 15456 | Lair:5   | Reached skill level 12 in Necromancy
 16519 | D:12     | Found a frozen archway.
 16532 | IceCv    | Entered an ice cave
 16900 | IceCv    | Noticed a reaper
 16928 | IceCv    | Killed a reaper
 17251 | D:12     | Found a large runed translucent door.
 17251 | D:12     | Found a large runed translucent door.
 17338 | D:12     | Found a large runed translucent door.
 17338 | D:12     | Found a large runed translucent door.
 17343 | D:12     | Got Lennaox's Handbook of Reconfigured Cleavage
 17452 | D:12     | Found a staircase to the Orcish Mines.
 17906 | Orc:1    | Entered Level 1 of the Orcish Mines
 18199 | Orc:2    | Entered Level 2 of the Orcish Mines
 18199 | Orc:2    | Found a staircase to the Elven Halls.
 18217 | Orc:2    | Reached XP level 15. HP: 117/122 MP: 21/27
 18218 | Orc:2    | Reached skill level 13 in Necromancy
 18256 | Orc:2    | Found Waazufi's General Store.
 18273 | Orc:2    | Found Cugryll's Book Boutique.
 18746 | Orc:2    | Found Vuseunih's Antique Armour Boutique.
 18762 | Orc:2    | Found Ohoolin's Antique Weapon Boutique.
 19053 | D:13     | Noticed Sonja
 19056 | Abyss:1  | Cast into level 1 of the Abyss (Sonja)
 19070 | Abyss:1  | Found a corrupted altar of Lugonu.
 19210 | Abyss:1  | Noticed a tentacled starspawn
 19252 | Abyss:1  | Noticed a tentacled starspawn
 19267 | Abyss:1  | Killed a tentacled starspawn
 19324 | Abyss:1  | Noticed a daeva
 19613 | D:13     | Escaped the Abyss
 19621 | D:13     | Sonja changed into Sonja the meliai
 19621 | D:13     | Noticed Sonja
 19626 | D:13     | Killed Sonja the meliai
 19696 | D:13     | Noticed Kirke
 19722 | D:13     | Killed Kirke
 19768 | D:13     | Reached skill level 10 in Dodging
 19849 | D:13     | Found a gate to the Vaults.
 20120 | D:14     | Learned a level 5 spell: Borgnjor's Vile Clutch
 20172 | D:14     | Received a gift from Kikubaaqudgha (forbidden knowledge)
 20177 | D:14     | Found Larixade's Jewellery Boutique.
 20444 | D:14     | Noticed Jorgrun
 20456 | D:14     | Killed Jorgrun
 20457 | D:14     | Reached skill level 1 in Earth Magic
 20571 | D:14     | Found a runed translucent door.
 20586 | D:14     | Noticed wqsa789's ghost (adept KoHu)
 20736 | Orc:2    | Bought a book of Decay for 560 gold pieces
 20743 | Orc:2    | Learned a level 4 spell: Dispel Undead
 20860 | D:15     | Entered Level 15 of the Dungeon
 21128 | D:14     | Bought the macabre finger necklace {Finger+ rN+} for 440
                  | gold pieces
 21128 | D:14     | Found the macabre finger necklace {Finger+ rN+}
 21227 | D:14     | Killed wqsa789's ghost
 21479 | D:15     | Reached skill level 14 in Necromancy
 21655 | D:15     | Found a staircase to the Depths.
 21662 | D:15     | Reached XP level 16. HP: 129/129 MP: 29/29
 21739 | D:15     | Paralysed by an air elemental for 1 turns
 21911 | D:15     | Paralysed by a salamander for 5 turns
 22071 | D:15     | Paralysed by an air elemental for 1 turns
 22116 | D:15     | Identified the +9 flail of the Doomed Warrior {drain, rElec
                  | Str+4}
 22983 | Spider:1 | Entered Level 1 of the Spider Nest
 23278 | Spider:1 | Paralysed by a jorogumo for 1 turns
 23993 | Spider:2 | Reached skill level 10 in Spellcasting
 24455 | Spider:3 | Learned a level 6 spell: Death Channel
 25356 | Spider:3 | Reached XP level 17. HP: 135/135 MP: 4/31
 26012 | Spider:4 | Entered Level 4 of the Spider Nest
 26060 | Spider:4 | Reached skill level 5 in Earth Magic
 26111 | Spider:4 | Reached skill level 15 in Necromancy
 26566 | Spider:4 | Got a gossamer rune of Zot
 27199 | Shoals:1 | Entered Level 1 of the Shoals
 27577 | Shoals:2 | Reached skill level 1 in Armour
 28021 | Shoals:2 | Reached skill level 10 in Stealth
 28133 | Shoals:3 | Reached skill level 1 in Evocations
 28199 | Shoals:3 | Noticed Polyphemus
 28218 | Shoals:3 | Killed Polyphemus
 28378 | Shoals:3 | Noticed Louise
 28384 | Shoals:3 | Killed Louise
 28479 | Shoals:4 | Entered Level 4 of the Shoals
 28570 | Shoals:4 | Gained mutation: You are mostly covered in icy blue scales.
                  | (AC +3) [demonic ancestry]
 28570 | Shoals:4 | Reached XP level 18. HP: 69/142 MP: 14/33
 28574 | Shoals:4 | Got an azure gem with 405 turns to spare
 28574 | Shoals:4 | Got a barnacled rune of Zot
 28593 | Shoals:3 | Noticed Bai Suzhen
 28626 | Shoals:3 | Killed Bai Suzhen
 28944 | Vaults:1 | Entered Level 1 of the Vaults
 29026 | Vaults:1 | Found the necklace of Bloodlust {Fury *Rage Will++ Int-3
                  | Slay+6}
 29192 | Vaults:1 | Reached skill level 16 in Necromancy
 29919 | Vaults:1 | Learned a level 4 spell: Martyr's Knell
 29964 | Vaults:2 | Identified the +2 leather armour "Gulef" {Int+2}
 30142 | Vaults:2 | Reached skill level 1 in Summonings
 30175 | Vaults:2 | Reached skill level 5 in Armour
 30525 | Vaults:2 | Reached skill level 5 in Evocations
 31090 | Vaults:3 | Found a staircase to the Crypt.
 31474 | Vaults:3 | Gained mutation: You are completely covered in icy blue
                  | scales. (AC +4, rC+) [demonic ancestry]
 31474 | Vaults:3 | Reached XP level 19. HP: 142/150 MP: 29/35
 31991 | Vaults:3 | Identified the ring "Weguosog" {rElec Will+ Str+6 Dex-4
                  | SInv}
 32750 | Vaults:4 | Noticed Xtahua
 32769 | Vaults:4 | Killed Xtahua
 32787 | Vaults:4 | Found a crumbling gateway.
 32819 | Desolati | Entered the Desolation of Salt
 32941 | Desolati | Reached skill level 5 in Summonings
 32983 | Desolati | Identified the ring of Rakhloak {rC+ Will+}
 33068 | Desolati | Reached skill level 17 in Necromancy
 33124 | Desolati | Identified the +0 scale mail "Ymugox" {rElec rN+}
 33126 | Desolati | Got the Papyrus of Location and the Shot
 33129 | Desolati | Got Vass's Secrets of the Chill
 33315 | Desolati | Identified the +1 dagger "Ysudgholi" {flame, Int+2 Dex+2}
 33320 | Desolati | Identified the +6 plate armour of Sin {rElec rF+ Int-5}
 33340 | Desolati | Identified the +3 flail of a treasure trove {holy, Int+2
                  | SInv}
 33724 | Desolati | Identified the +5 chain mail of Jigsaw {rPois Will+}
 33725 | Desolati | Identified the +5 whip of Xymn {pain, rC- Dex+6 Stlth+}
 33726 | Desolati | Identified the amulet "Boorupia" {Acrobat rF- rN+++ rCorr
                  | Int+3}
 33736 | Desolati | Identified the +0 robe "Veipn" {rC+}
 34251 | Vaults:4 | Paralysed by a sphinx for 5 turns
 34530 | Vaults:4 | Reached XP level 20. HP: 77/160 MP: 36/36
 34563 | Vaults:4 | Upgraded the game from 0.31-a0-1576-ga3383ba to
                  | 0.31-a0-1586-ge50629d
 34699 | Vaults:4 | Paralysed by a formless jellyfish for 1 turns
 35587 | Depths:1 | Entered Level 1 of the Depths
 35676 | Depths:1 | Found a gateway to Hell.
 35945 | Depths:1 | Found a broken altar of Ashenzari.
 36098 | Depths:1 | Found a one-way gate to the infinite horrors of the Abyss.
 36619 | Depths:2 | Reached skill level 15 in Fighting
 36633 | Depths:2 | Reached skill level 18 in Necromancy
 37278 | Depths:2 | Found a one-way gate leading to the halls of Pandemonium.
 37693 | Depths:2 | Gained mutation: Your touch may irresistibly damage your
                  | foes and sap their willpower. [demonic ancestry]
 37693 | Depths:2 | Reached XP level 21. HP: 168/168 MP: 31/37
 38354 | Depths:3 | Found an opulent altar of Gozag.
 38397 | Depths:3 | Reached skill level 10 in Evocations
 38425 | Depths:3 | Reached skill level 15 in Dodging
 38509 | Depths:3 | Identified the orb of the Nexus {light, rElec rF+}
 38509 | Depths:3 | Noticed Frederick
 38576 | Depths:3 | Found Ficweirgh's Jewellery Boutique.
 38577 | Depths:3 | Found Lemnaem's Book Shoppe.
 38578 | Depths:3 | Found Ucvo Lep's Jewellery Boutique.
 38732 | Depths:3 | Bought the ring "Kapt" {rElec Str+6 Dex+4} for 1168 gold
                  | pieces
 38828 | Depths:3 | Noticed a juggernaut
 38844 | Depths:3 | Killed a juggernaut
 38878 | Depths:3 | Noticed a caustic shrike
 38900 | Depths:3 | Killed a caustic shrike
 38901 | Depths:3 | Reached skill level 19 in Necromancy
 39065 | Depths:3 | Killed from afar by a fire giant

Illustrated notes

Levels and vault maps discovered:
D:1:      mrwooster_arrival_statue, layout_rooms, kennysheep_small_spiral
D:2:      layout_loops_cross, uniq_robin, uniq_natasha, uniq_jessica,
          uniq_crazy_yiuf_cottage
D:3:      layout_rooms, grunt_qazlal_sundering, dreamdust_ecumenical_altar_grove
D:4:      layout_loops_ring, nemelex_dance_club_becter,
          mainiacjoe_overflow_surrounded_room
D:5:      layout_cave_pools, lemuel_coloured_pillars_altar, uniq_prince_ribbit1
D:6:      layout_basic, minmay_temple_entry_gardened_gates
D:7:      layout_rooms, enter_bailey_4, hangedman_abyss_or_decor_lesser_grid,
          nicolae_figureground_sparkle
D:8:      layout_cave_pools, kennysheep_minor_cross, nicolae_letterblocks
          [nicolae_letter_subblock, nicolae_letter_subblock,
          nicolae_letter_subblock, nicolae_letter_subblock,
          nicolae_letter_subblock, nicolae_letter_subblock,
          nicolae_letter_subblock, nicolae_letter_subblock,
          nicolae_letter_subblock, nicolae_letter_subblock,
          nicolae_letter_subblock, nicolae_letter_subblock,
          nicolae_letter_subblock, nicolae_letter_subblock,
          nicolae_letter_subblock, nicolae_letter_subblock,
          nicolae_letter_subblock, nicolae_letter_subblock,
          nicolae_letter_subblock, nicolae_letter_subblock,
          nicolae_letter_subblock, nicolae_letter_subblock,
          nicolae_letter_subblock, nicolae_letter_subblock,
          nicolae_letter_subblock]
D:9:      layout_cave_pods, lemuel_crystal_altar, grunt_temple_overflow_open,
          kennysheep_generic_room_8
D:10:     layout_roguey, david_lair_generic, uniq_maurice
D:11:     layout_cave_pools
D:12:     layout_loops_cross, portal_ice_cave_rime,
          minmay_hollow_rounded_squares
D:13:     layout_big_octagon, erik_vaults_1, uniq_sonja, uniq_kirke
D:14:     layout_roguey, hellmonk_ghost_happy_afterlife, serial_shops,
          nicolae_inconvenience_store, nicolae_tso_swordbearing_angel,
          serial_library_hellmonk_room_a, uniq_jorgrun
D:15:     hangedman_crystal_crosses_colossus [crystal_crosses_arms_two,
          crystal_crosses_arms_one, crystal_crosses_arms_one], serial_shops
Temple:   eino_wide_crystal_templ
Lair:1:   layout_cave_pods
Lair:2:   layout_regular_city, minmay_shoals_entry_hut, uniq_amaemon
Lair:3:   layout_loops_ring, nicolae_spider_entry_orb_guardian
Lair:4:   layout_roguey, nicolae_slime_entry_field_trip, nzn_sisyphean_effort
Lair:5:   hangedman_lair_caniforms_friends, layout_regular_city,
          serial_bayou_pond_c, grunt_megastairs_1, uniq_snorg
Shoals:1: layout_shoals
Shoals:2: nicolae_shoals_island_circles, layout_shoals,
          nicolae_shoals_former_cling_halls
Shoals:3: layout_shoals, nzn_prometheus_bound, uniq_bai_suzhen, uniq_louise,
          uniq_polyphemus
Shoals:4: shoals_end_simple, layout_shoals, serial_shops,
          nicolae_shop_just_a_little_nook, uniq_donald
Spider:1: layout_spider_delve
Spider:2: layout_spider_delve, drop_trap
Spider:3: layout_spider_delve, guppyfry_spider_mini_2
Spider:4: hellmonk_spider_rune_bug_friends
Orc:1:    layout_diamond_mine, uniq_harold
Orc:2:    grunt_orc_cross, layout_caves, nicolae_orc_rich_vein
Vaults:1: v_misc_14, nicolae_vaults_little_squares_3,
          nicolae_vaults_three_branches, ontoclasm_vaults_misaligned,
          nicolae_vaults_shelves_hall, vaults_dpeg_ring, nicolae_vaults_house_1,
          vaults_dpeg_emergency_exit, nicolae_vaults_house_3, v_alt_pattern_2,
          nicolae_vaults_prndl, layout_vaults_maze
Vaults:2: vaults_dpeg_cross, nicolae_vaults_circle_grid_a,
          nicolae_vaults_little_squares_1, nicolae_vaults_tetromino_Z_1,
          ontoclasm_vaults_eye, v_misc_28, nicolae_vaults_closet_pinwheel_1,
          nicolae_vaults_minivaults, nicolae_vaults_sesquioval_fish,
          layout_vaults_omnicross
Vaults:3: nicolae_vaults_little_squares_2, minmay_crypt_entry_simple_round,
          nicolae_vaults_trapezoid_layered, nicolae_vaults_mitosis,
          vaults_room_pool, vaults_dpeg_hooks, nicolae_vaults_house_1, v_misc_8,
          layout_vaults_omnigrid
Vaults:4: portal_desolation_entry_salt, nicolae_vaults_two_Ls,
          nicolae_vaults_apartment_2, v_misc_30,
          ontoclasm_vaults_claustrophobia, nicolae_vaults_closet_pinwheel_3,
          v_pattern_4, hangedman_vaults_nodes, vaults_room_ringed_pool,
          nicolae_vaults_mush_room, nicolae_vaults_specimen_jars,
          minmay_orc_keep, v_misc_10, nicolae_vaults_little_squares_5,
          layout_vaults_ring, uniq_xtahua
Depths:1: layout_small_grid, hangedman_abyss_entry_splay, chequers_jeans,
          grunt_mini_vestibule, drop_trap, hangedman_abyss_or_decor_stagger,
          nicolae_ashenzari_skybound
Depths:2: nzn_winding_woodlands_large [nzn_winding_woodlands_5x5_default,
          nzn_winding_woodlands_5x15_lazy_stream,
          nzn_winding_woodlands_5x5_open_star,
          nzn_winding_woodlands_center_pierced_h,
          nzn_winding_woodlands_15x15_thick_spiral,
          nzn_winding_woodlands_center_diamonds,
          nzn_winding_woodlands_5x5_default, nzn_winding_woodlands_5x15_default,
          nzn_winding_woodlands_hourglass], layout_basic, hell_entry,
          infiniplex_staircase_pool_2, grunt_pan_entry_spiral,
          serial_bayou_shore_b
Depths:3: lemuel_castle_with_subvaults [lemuel_castle_interior_carwin_2],
          layout_small_grid, old_standard_altar, hell_entry,
          abyss_entry_small_statue_room, grunt_megastairs_4,
          minmay_staircase_bubble, minmay_shop_grove, uniq_frederick

Skill      XL: |  1  2  3  4  5  6  7  8  9 10 11 12 13 14 15 16 17 18 19 20 21 |
---------------+----------------------------------------------------------------+-----
Alchemy        | 4 5 6 7 8 |  8.0
Conjurations   | 2 3 |  3.3
Spellcasting   | 3 4 5 6 7 8 9 10 11 12 13 | 13.1
Stealth        | 2 4 5 6 8 9 10 | 10.5
Fighting       | 1 3 5 6 8 9 11 12 13 14 15 | 15.0
Fire Magic     | 2 3 |  3.0
Dodging        | 2 3 5 7 8 9 10 11 12 13 14 15 | 15.0
Short Blades   | 1 3 4 6 8 9 11 12 14 | 14.0
Necromancy     | 3 5 7 9 11 12 14 15 16 17 18 19 | 19.2
Earth Magic    | 2 4 6 |  6.0
Armour         | 3 5 7 8 |  8.0
Evocations     | 2 5 7 9 10 | 10.0
Summonings     | 3 6 8 9 |  9.8

Action                     |  1- 3 |  4- 6 |  7- 9 | 10-12 | 13-15 | 16-18 | 19-21 || total
---------------------------+-------+-------+-------+-------+-------+-------+-------++-------
  Melee: Unarmed           |     5 |       |       |       |       |       |       ||     5
         Dagger            |    33 |   101 |    19 |       |       |       |       ||   153
         Punch             |     1 |     2 |     1 |     7 |    29 |    47 |    83 ||   170
         Touch             |       |    17 |    28 |   119 |   419 |   514 |   796 ||  1893
         Short sword       |       |       |   104 |     8 |       |       |       ||   112
         Quick blade       |       |       |       |   523 |  1680 |  2049 |  2765 ||  7017
         Demon blade       |       |       |       |       |       |       |     7 ||     7
   Cast: Sting             |    45 |    53 |    32 |    30 |     9 |       |       ||   169
         Olgreb's Toxic Ra |       |     5 |    20 |    34 |    56 |    65 |    14 ||   194
         Mephitic Cloud    |       |       |     3 |     5 |     7 |       |       ||    15
         Sticky Flame      |       |       |     3 |    15 |    11 |     5 |     3 ||    37
         Ignite Poison     |       |       |       |     8 |    11 |    12 |     2 ||    33
         Curse of Agony    |       |       |       |     5 |     7 |     7 |     6 ||    25
         Fugue of the Fall |       |       |       |       |    18 |    15 |    13 ||    46
         Dispel Undead     |       |       |       |       |     4 |     8 |    12 ||    24
         Borgnjor's Vile C |       |       |       |       |     2 |    25 |    31 ||    58
         Death Channel     |       |       |       |       |       |    37 |    33 ||    70
         Martyr's Knell    |       |       |       |       |       |     5 |    10 ||    15
 Invoke: Receive Forbidden |       |       |       |       |     1 |       |       ||     1
  Evoke: Wand              |       |       |       |     2 |    28 |     1 |     2 ||    33
         Phantom mirror    |       |       |       |       |     1 |       |       ||     1
    Use: Scroll            |       |     3 |    10 |    14 |    14 |     5 |     4 ||    50
         Potion            |       |       |       |       |     5 |     3 |     3 ||    11
   Stab: Sleeping          |     1 |       |     3 |    10 |    17 |    16 |    13 ||    60
         Confused          |       |       |     2 |     5 |     4 |       |       ||    11
         Paralysed         |       |       |       |     1 |     1 |       |       ||     2
         Distracted        |       |       |       |       |     2 |    18 |    12 ||    32
         Petrified         |       |       |       |       |     1 |     3 |       ||     4
 Armour: Robe              |    14 |    32 |    74 |   207 |   297 |       |       ||   624
         Ring mail         |       |    22 |       |       |       |       |       ||    22
         Troll leather arm |       |       |       |       |   379 |   594 |   820 ||  1793
  Dodge: Dodged            |    24 |    47 |    59 |   211 |   586 |   837 |   932 ||  2696
  Block: Other             |       |       |       |    47 |   125 |   117 |   118 ||   407

Table legend: (Time is in decaauts)
 A = Elapsed time spent in this place.
 B = Non-inter-level travel time spent in this place.
 C = Inter-level travel time spent in this place.
 D = Time resting spent in this place.
 E = Time spent auto-exploring this place.
 F = Levels seen in this place.
 G = Mean time per level.
                   A        B        C        D        E       F      G
               +--------+--------+--------+--------+--------+-----+--------+
         Total |  37713 |  35638 |   2075 |   2450 |  23296 |  42 |  897.9 |
       Dungeon |  12734 |  11920 |    814 |    635 |   8745 |  15 |  848.9 |
        Temple |     14 |      8 |      6 |      0 |      0 |   1 |   14.0 |
          Lair |   6758 |   6362 |    396 |    508 |   4630 |   5 | 1351.6 |
        Shoals |   1615 |   1409 |    206 |     80 |    448 |   4 |  403.8 |
   Spider Nest |   3928 |   3744 |    184 |    209 |   2778 |   4 |  982.0 |
  Orcish Mines |   1197 |   1032 |    165 |      0 |    837 |   2 |  598.5 |
        Vaults |   5213 |   4969 |    244 |     39 |   3294 |   4 | 1303.2 |
        Depths |   3173 |   3116 |     57 |    201 |   1732 |   3 | 1057.7 |
         Abyss |    530 |    530 |      0 |    256 |     66 |   1 |  530.0 |
        Bailey |   1169 |   1169 |      0 |    304 |    619 |   1 | 1169.0 |
      Ice Cave |    580 |    580 |      0 |    147 |      0 |   1 |  580.0 |
    Desolation |    797 |    797 |      0 |     71 |    145 |   1 |  797.0 |
               +--------+--------+--------+--------+--------+-----+--------+

Top non-repeatable levels by time:
  Lair:3: 1825 daAuts
Vaults:4: 1645 daAuts
Spider:3: 1583 daAuts
  Lair:5: 1534 daAuts
Vaults:3: 1516 daAuts
Depths:2: 1511 daAuts
    D:15: 1431 daAuts
  Lair:2: 1186 daAuts
  Bailey: 1169 daAuts
  Lair:1: 1110 daAuts
  Lair:4: 1101 daAuts
    D:14: 1081 daAuts
Vaults:2: 1075 daAuts
     D:2: 1051 daAuts
Vaults:1: 976 daAuts
